 Dungeon Crawl Stone Soup version 0.18.1-50-g88ac8fd (webtiles) character file.

9720 striepan the Destroyer (level 11, -5/64 HPs)
             Began as a Deep Elf Fire Elementalist on Sept 26, 2016.
             Was a Priest of Vehumet.
             Shot with a sling bullet by Joseph (11 damage)
             ... on level 10 of the Dungeon.
             The game lasted 02:17:19 (12096 turns).

striepan the Destroyer (DEFE)                      Turns: 12096, Time: 02:17:20

Health: -5/64      AC: 15    Str:  5    XL:     11   Next: 26%
Magic:  2/22       EV: 16    Int: 26    God:    Vehumet [***...]
Gold:   45         SH:  0    Dex: 15    Spells: 6 memorised, 6 levels left

rFire  . . .     SeeInvis .     j - +0 dagger (protect)
rCold  + . .     Gourm    .     J - +2 robe {rC+}
rNeg   . . .     Faith    .     (no shield)
rPois  .         Spirit   .     i - +2 hat {MR+}
rElec  .         Dismiss  .     W - +0 cloak
rCorr  .         Reflect  .     (no gloves)
SustAt .         Harm     .     u - +2 pair of boots
MR     +++..                    (no amulet)
Stlth  ++........               T - +2 ring of intelligence
                                m - ring of protection from magic

@: extremely resistant to hostile enchantments, unstealthy
A: no striking features
a: Renounce Religion


You were on level 10 of the Dungeon.
You worshipped Vehumet.
Vehumet was most pleased with you.
You were hungry.

You visited 2 branches of the dungeon, and saw 11 of its levels.

You collected 305 gold pieces.
You spent 260 gold pieces at shops.

Inventory:

Hand Weapons
 j - a +0 dagger of protection (weapon)
 B - a +0 rapier
 G - the +1 dagger of Instant Death {pierce, Dex+2}
   (You found it on level 9 of the Dungeon)

   It inflicts extra damage upon your enemies.
   It affects your dexterity (+2).
 I - a +0 scimitar of protection
 K - the +1 whip "Itsad" {slash, rF+ Str+2}
   (You found it on level 6 of the Dungeon)

   It inflicts extra damage upon your enemies.
   It affects your strength (+2).
   It protects you from fire.
Armour
 i - a +2 hat of magic resistance (worn)
 u - a +2 pair of boots (worn)
 J - a +2 robe of cold resistance (worn)
 W - a +0 cloak (worn)
Magical Staves
 F - an uncursed staff of death
Jewellery
 m - a ring of protection from magic (left hand)
 q - an uncursed ring of protection from cold
 T - a +2 ring of intelligence (right hand)
Wands
 C - a wand of teleportation (3/9)
 L - a wand of flame (28/48)
 N - a wand of slowing (22/48)
 P - a wand of slowing (20/48)
 S - a wand of paralysis (15/24)
 U - a wand of flame (10/48)
Scrolls
 a - a scroll of noise
 f - 2 scrolls of identify
 h - 2 scrolls of recharging
 k - a scroll of fog
 r - 2 scrolls of amnesia
 s - a scroll of enchant weapon
 v - 5 scrolls of remove curse
 x - 2 scrolls of magic mapping
 y - a scroll of immolation
 A - 2 scrolls of teleportation
 E - a scroll of enchant armour
 Q - 2 scrolls of holy word
 X - a scroll of blinking {unknown}
Potions
 d - 3 potions of heal wounds
 e - a potion of cancellation
 g - 3 potions of curing
 n - a potion of beneficial mutation {unknown}
 o - a potion of brilliance {unknown}
 p - 4 potions of berserk rage
 w - 2 potions of resistance {unknown}
 z - a potion of agility {unknown}
 D - 3 potions of lignification
 H - 2 potions of ambrosia {unknown}
 O - 4 potions of haste
 R - a potion of degeneration {unknown}
 V - 3 potions of magic {unknown}
 Y - a potion of flight {unknown}
Books
 b - a book of Flames

   Spells                             Type                      Level
   a - Flame Tongue                   Conjuration/Fire             1
   b - Throw Flame                    Conjuration/Fire             2
   c - Conjure Flame                  Conjuration/Fire             3
   d - Inner Flame                    Hexes/Fire                   3
   e - Sticky Flame                   Conjuration/Fire             4
   f - Fireball                       Conjuration/Fire             5
 Z - an Akashic Record

   Spells                             Type                      Level
   a - Dispersal                      Translocation                6
   b - Malign Gateway                 Summoning/Translocation      7
   c - Disjunction                    Translocation                8
   d - Controlled Blink               Translocation                8
Comestibles
 c - 8 bread rations
 l - 7 meat rations
 t - 11 royal jellies
 M - 3 fruits


   Skills:
 + Level 5.8 Fighting
 - Level 7.2 Dodging
 - Level 2.4 Stealth
 - Level 6.0 Spellcasting
 * Level 11.9 Conjurations
 - Level 11.0 Fire Magic


You had 6 spell levels left.
You knew the following spells:

 Your Spells              Type           Power        Failure   Level  Hunger
a - Flame Tongue          Conj/Fire      #####        1%          1    None
b - Throw Flame           Conj/Fire      ######       1%          2    None
c - Conjure Flame         Conj/Fire      ######..     1%          3    None
d - Fireball              Conj/Fire      ######....   1%          5    #####..
e - Throw Frost           Conj/Ice       #####.       1%          2    None
f - Mephitic Cloud        Conj/Pois/Air  ####....     1%          3    None


Dungeon Overview and Level Annotations

Branches:
Dungeon (10/15)            Temple (1/1) D:6            Lair (0/8) D:8
    Orc: D:9-12

Altars:
Ashenzari
Cheibriados
Dithmenos
Elyvilon
Fedhas
Gozag
Kikubaaqudgha
Makhleb
Nemelex Xobeh
Okawaru
Pakellas
Qazlal
Ru
Sif Muna
Trog
Vehumet
Xom
Yredelemnul
Zin
The Shining One

Shops:
D:4 *   D:10 ?

Annotations:
D:10 Joseph


Message History

The yak barely misses you.
The crimson imp hits you but does no damage.
You barely miss the yak.
The yak is almost dead.
The yak gores you!
The crimson imp hits you but does no damage.
Read which item? (? for menu, Esc to quit)
As you read the scroll of teleportation, it crumbles to dust.
You feel strangely unstable. The yak closely misses you.
The crimson imp blinks!
The yak barely misses you.
The crimson imp blinks!
Your surroundings suddenly seem different.
Joseph, a Mercenary comes into view.
He is wielding a quarterstaff.
Joseph unwields an uncursed quarterstaff.
Joseph wields a hunting sling.
Joseph shoots a sling bullet.
The sling bullet hits you!
* * * LOW HITPOINT WARNING * * *
You see here a sling bullet.
Joseph shoots a sling bullet.
The sling bullet hits you!
You die...

...... ####.##...##.
......# #.. ##...##.
......###.# #.......
..........####.######
............)..<(†.#
#......####.##....
#......# #......#
#......########..#
#@##.............#
#.##........##....
#(##.........#..∩#
#.##########.#...#
#.# #.......... #.#
#.#...##### #.#
#........ .@#
#...##### ..# #...#


You could see Joseph.

Vanquished Creatures
  Erolcha (D:9)
  A centaur warrior (D:9)
  Psyche (D:9)
  Grinder (D:3)
  3 trolls
  Prince Ribbit (D:5)
  Sigmund (D:3)
  A wyvern (D:7)
  9 yaks
  Menkaure (D:4)
  A water moccasin (D:7)
  4 orc warriors
  A sky beast (D:6)
  3 ice beasts
  A necrophage (D:8)
  A phantom (D:9)
  3 ogres
  2 wolves (D:8)
  7 centaurs
  The ghost of Lluna the Sneak, an amateur OpAs (D:4)
  Blork the orc (D:5)
  A big kobold (D:10)
  9 giant frogs
  A gnoll sergeant (D:6)
  A scorpion (D:8)
  10 killer bees
  A howler monkey (D:4)
  4 electric eels (D:8)
  2 crimson imps (D:6)
  11 hounds
  A giant frog zombie (D:6)
  4 jellies
  5 orc wizards
  8 orc priests
  Crazy Yiuf (D:5)
  A giant frog skeleton (D:6)
  Terence (D:3)
  Jessica (D:3)
  16 worker ants
  2 hound zombies (D:5)
  2 hound skeletons (D:7)
  A worker ant zombie (D:9)
  6 gnolls
  13 adders
  2 river rats (D:4)
  2 shadow imps
  6 oozes
  An adder skeleton (D:5)
  A dart slug (D:2)
  2 worms
  9 giant geckos
  34 orcs
  6 bats
  3 giant cockroaches
  9 goblins
  10 hobgoblins
  2 quokkas
  5 ball pythons
  3 giant newts
  11 kobolds
  2 quokka skeletons
  11 rats
266 creatures vanquished.

Notes
Turn   | Place    | Note
--------------------------------------------------------------
     0 | D:1      | striepan the Deep Elf Fire Elementalist began the quest for the Orb.
     0 | D:1      | Reached XP level 1. HP: 10/10 MP: 6/6
   164 | D:1      | Reached XP level 2. HP: 15/15 MP: 2/8
   780 | D:2      | Reached XP level 3. HP: 19/19 MP: 7/9
  1299 | D:2      | Reached XP level 4. HP: 14/24 MP: 5/10
  1614 | D:2      | Learned a level 2 spell: Throw Flame
  1618 | D:2      | Learned a level 3 spell: Conjure Flame
  1738 | D:2      | Reached skill level 5 in Fire Magic
  1945 | D:3      | Reached XP level 5. HP: 28/28 MP: 8/11
  1969 | D:3      | Noticed Jessica
  2002 | D:3      | Killed Jessica
  2064 | D:3      | Noticed Sigmund
  2329 | D:3      | Found a glowing silver altar of Zin.
  2371 | D:3      | Noticed Grinder
  2484 | D:3      | Killed Grinder
  2484 | D:3      | Reached XP level 6. HP: 32/32 MP: 1/12
  2643 | D:3      | Noticed Terence
  2667 | D:3      | Killed Terence
  2773 | D:3      | Killed Sigmund
  2773 | D:3      | Reached XP level 7. HP: 36/36 MP: 3/13
  2896 | D:4      | Found Wumat's General Store.
  3010 | D:4      | Found a glowing drain.
  3049 | D:4      | Noticed Menkaure
  3053 | D:4      | Killed Menkaure
  3169 | D:4      | Noticed Lluna's ghost (amateur OpAs)
  3243 | D:4      | Found an iron altar of Okawaru.
  3938 | D:4      | Killed Lluna's ghost
  4346 | D:4      | Reached XP level 8. HP: 32/41 MP: 8/14
  4374 | D:4      | Learned a level 5 spell: Fireball
  4616 | D:4      | Bought a scroll of teleportation for 39 gold pieces
  4652 | D:5      | Entered Level 5 of the Dungeon
  4670 | D:5      | Noticed Blork the orc
  4988 | D:5      | Killed Blork the orc
  5092 | D:5      | Found a sacrificial altar of Ru.
  5283 | D:5      | Noticed Prince Ribbit
  5818 | D:6      | Found a staircase to the Ecumenical Temple.
  5846 | D:6      | Got a dazzling whip
  5847 | D:6      | Identified the cursed +1 whip "Itsad" {slash, rF+ Str+2} (You found it on level 6 of the Dungeon)
  6100 | D:6      | Found an ancient bone altar of Kikubaaqudgha.
  6476 | D:7      | Reached XP level 9. HP: 45/45 MP: 11/15
  6696 | Temple   | Entered the Ecumenical Temple
  6837 | Temple   | Became a worshipper of Vehumet
  6931 | D:7      | Reached skill level 10 in Conjurations
  7270 | D:6      | Reached skill level 10 in Fire Magic
  7690 | D:6      | Reached skill level 1 in Fighting
  7863 | D:6      | Reached * piety under Vehumet
  7863 | D:6      | Offered knowledge of Magic Dart by Vehumet.
  8081 | D:6      | Found a bloodstained altar of Trog.
  8263 | D:5      | Killed Prince Ribbit
  8263 | D:5      | Reached skill level 5 in Spellcasting
  8408 | D:5      | Noticed Crazy Yiuf
  8415 | D:5      | Killed Crazy Yiuf
  8775 | D:4      | Bought a scroll of noise for 13 gold pieces
  8775 | D:4      | Bought a scroll of amnesia for 45 gold pieces
  8775 | D:4      | Bought a scroll of identify for 26 gold pieces
  8775 | D:4      | Bought a scroll of enchant weapon for 97 gold pieces
  9247 | D:8      | Reached skill level 5 in Dodging
  9457 | D:8      | Found a staircase to the Lair.
  9483 | D:8      | Reached XP level 10. HP: 40/56 MP: 9/21
 10076 | D:8      | Reached ** piety under Vehumet
 10076 | D:8      | Offered knowledge of Throw Frost by Vehumet.
 10080 | D:8      | Learned a level 2 spell: Throw Frost
 10570 | D:9      | Noticed Psyche
 10576 | D:9      | Killed Psyche
 10816 | D:9      | Noticed a centaur warrior
 10819 | D:9      | Killed a centaur warrior
 10944 | D:9      | Got an ebony dagger
 10945 | D:9      | Identified the cursed +1 dagger of Instant Death {pierce, Dex+2} (You found it on level 9 of the Dungeon)
 10976 | D:9      | Found a blossoming altar of Fedhas.
 11013 | D:9      | Noticed Erolcha
 11021 | D:9      | Killed Erolcha
 11021 | D:9      | Reached skill level 5 in Fighting
 11124 | D:9      | Found a snail-covered altar of Cheibriados.
 11128 | D:9      | Found a shadowy altar of Dithmenos.
 11133 | D:9      | Found a glowing golden altar of the Shining One.
 11218 | D:9      | Reached XP level 11. HP: 64/64 MP: 4/22
 11237 | D:10     | Entered Level 10 of the Dungeon
 11237 | D:10     | Found Aphow's Magic Scroll Shoppe.
 11659 | D:10     | Offered knowledge of Mephitic Cloud by Vehumet.
 11665 | D:10     | Learned a level 3 spell: Mephitic Cloud
 11951 | D:10     | Bought a scroll of fog for 20 gold pieces
 11951 | D:10     | Bought a scroll of identify for 20 gold pieces
 12080 | D:10     | Reached *** piety under Vehumet
 12093 | D:10     | Noticed Joseph
 12096 | D:10     | Shot with a sling bullet by Joseph

Skill      XL: |  1  2  3  4  5  6  7  8  9 10 |
---------------+-------------------------------+-----
Conjurations   | 2 3 4 6 7 8 9 10 11 | 11.9
Fire Magic     | 4 5 7 9 10 11 | 11.0
Spellcasting   | 6 |  6.0
Dodging        | 5 7 |  7.2
Fighting       | 3 5 |  5.8
Stealth        | |  2.4

Action                   |  1- 3 |  4- 6 |  7- 9 | 10-12 || total
-------------------------+-------+-------+-------+-------++-------
Melee: Rapier            |       |       |    11 |       ||    11
       Whip              |       |       |    26 |       ||    26
       Scimitar          |       |       |     9 |       ||     9
       Dagger            |       |       |       |     8 ||     8
 Cast: Flame Tongue      |    70 |    83 |   383 |   146 ||   682
       Throw Flame       |       |     5 |    10 |    22 ||    37
       Conjure Flame     |       |       |     8 |     3 ||    11
       Fireball          |       |       |     4 |    26 ||    30
       Mephitic Cloud    |       |       |       |     1 ||     1
  Use: Scroll            |     1 |       |    11 |     7 ||    19
  Eat: Chunk             |     1 |     2 |    19 |     7 ||    29
       Beef jerky        |       |     1 |     3 |       ||     4
       Pizza             |       |       |       |     3 ||     3
       Royal jelly       |       |       |       |     1 ||     1
Armor: Robe              |     7 |     4 |    75 |    42 ||   128
Dodge: Dodged            |    16 |    11 |    89 |    74 ||   190
